 Dungeon Sprint DCSS version 0.30.1-4-g462c640d31 (webtiles) character file.

Game seed: 4128865549771592269

8196 Heoruswealwe the Evocator (level 11, -22/48 HPs)
             Began as a Spriggan Artificer on Aug 29, 2023.
             Was a High Priest of Sif Muna.
             Killed from afar by a smoke demon (23 damage)
             ... with a ball of steam
             ... summoned by a kobold demonologist
             ... in the Dungeon (Sprint I: "Red Sonja").
             The game lasted 00:27:45 (1861 turns).

Heoruswealwe the Evocator (Spriggan Artificer)      Turns: 1861, Time: 00:27:47

Health: -22/48     AC:  4    Str:  8    XL:     11   Next: 6%
Magic:  12/12      EV: 30    Int: 16    God:    Sif Muna [*****.]
Gold:   1478       SH:  0    Dex: 17    Spells: 10/10 levels left

rFire   . . .        a - +0 club
rCold   + . .        (no shield)
rNeg    + . .        c - +2 robe {rN+}
rPois   .            (helmet restricted)
rElec   .            h - scarf {repulsion}
rCorr   .            (gloves unavailable)
SInv    +            (boots unavailable)
Will    +....        (no amulet)
Stlth   ++++++++     k - ring of protection from cold
HPRegen 0.28/turn    (no ring)
MPRegen 0.13/turn

%: no teleportation, repel missiles
@: very quick
A: very small, no large weapons, unfitting armour, see invisible, speed 3
a: Renounce Religion, Channel Magic, Forget Spell, Divine Exegesis


You were in the Dungeon.
You worshipped Sif Muna.
Sif Muna was extremely pleased with you.
You visited 1 branch You collected 2043 gold pieces.
You spent 533 gold pieces at shops.
You donated 32 gold pieces to Zin.

Inventory:

Hand Weapons
 a - a +0 club (weapon)
Armour
 c - a +2 robe of positive energy (worn)
 h - a scarf of repulsion (worn)
Jewellery
 k - a ring of protection from cold (left hand)
Wands
 d - a wand of charming (1)
 o - a wand of polymorph (9)
 r - a wand of digging (2)
Scrolls
 l - a scroll of summoning
 q - a scroll of blinking
 s - 6 scrolls of identify
Potions
 f - 2 potions of curing
 i - 2 potions of magic
 j - a potion of berserk rage
 m - 2 potions of lignification
 t - a potion of haste


   Skills:
 - Level 0.7 Fighting
 + Level 17.7 Dodging
 + Level 20.4 Stealth
 * Level 24.0 Evocations


You had 10 spell levels left.
You didn't know any spells.
Your spell library was empty.

Dungeon Overview and Level Annotations

Branches:
Dungeon (1/1)

Altars:
Cheibriados
Dithmenos
Elyvilon
Fedhas
Gozag
Hepliaklqana
Kikubaaqudgha
Makhleb
Nemelex Xobeh
Okawaru
Qazlal
Ru
Sif Muna
Trog
Uskayaw
Vehumet
Wu Jian
Xom
Yredelemnul
Zin
The Shining One
Jiyva
Lugonu

Shops:
D *!([*[??:???:=*(=[([[


Innate Abilities, Weirdness & Mutations

You are very small and have problems with some larger weapons.
You are too small for most types of armour.
You have supernaturally acute eyesight. (SInv)
You cover ground extremely quickly. (Speed+++)


Message History

The sticky flame hits you.
You are covered in liquid flames!
Aiming: Charm
Press: ? - help, Shift-Dir - straight line, f - smoke demon, p - kobold demonologist
Aim: a smoke demon (summoned, chance to affect: 57%)
The smoke demon resists with significant effort.
You are covered in liquid flames!
The kobold demonologist barely misses you.
The smoke demon hits you but does no damage. x2
The smoke demon completely misses you.
Aiming: Charm
Press: ? - help, Shift-Dir - straight line, f/p - smoke demon
Aim: a smoke demon (summoned, chance to affect: 57%)
The smoke demon resists with significant effort.
You are covered in liquid flames!
The kobold demonologist misses you. The smoke demon closely misses you.
The smoke demon hits you. The smoke demon completely misses you.
You hit the kobold demonologist but do no damage.
The kobold demonologist is severely wounded.
You are covered in liquid flames!
* * * LOW HITPOINT WARNING * * *
The kobold demonologist gestures wildly while chanting.
Your crimson imp misses the kobold demonologist.
The smoke demon gestures at you. The ball of steam misses you.
The kobold demonologist barely misses you.
Your crimson imp closely misses the kobold demonologist.
You miss the kobold demonologist.
The kobold demonologist is heavily wounded.
Your crimson imp disappears in a puff of smoke!
The smoke demon gestures at you. Something smites you!
* * * LOW HITPOINT WARNING * * *
The quasit closely misses you.
The quasit claws you but does no damage.
The quasit completely misses you.
The kobold demonologist is engulfed in a cloud of scalding steam.
The kobold demonologist casts a spell.
The smoke demon gestures at you. The ball of steam hits you!!
You die...

######################***********
..'..#..'..#__#5@54..#,,*,,,,+,,,
).#..'[.#..'..53K#...#*+*,****,,,
####'#####'#__####,..+,,*,*,***,,
###..#...#[####§§#####,,+,*+*,***
__####..##.#~§§§§#..#*+****,,,*,*
_____##'#_.+§§§§§+..#,,,,,*,,,***
_.∩...'..._#~§§§.#..#,,,,,+,,,,,*
_..__##_.#'##+#####'###,,,*,,,,,*
_____###'#(#.=..###.+.#,,,***++**


You could see a hellwing (summoned), a kobold demonologist, a smoke demon
(summoned), a quasit (summoned), a white imp (summoned) and an ufetubus
(summoned).

Vanquished Creatures
  2 centaur warriors (D)
  Sonja (D)
  A deep troll (D)
  An oklob plant (D)
  8 shining eyes (D)
  An unseen horror (D)
  A kobold demonologist (D)
  A hornet (D)
  A slime creature (D)
  Sigmund (D)
  A yak (D)
  6 floating eyes (D)
  An ogre (D)
  2 necrophages (D)
  A jelly (D)
  Ijyb (D)
  A ballistomycete spore (D)
31 creatures vanquished.

Vanquished Creatures (collateral kills)
  An unseen horror (D)
  A redback (D)
  2 necrophages (D)
  5 jellies (D)
9 creatures vanquished.

Vanquished Creatures (others)
  A redback (D)
  3 necrophages (D)
  2 jellies (D)
  A ballistomycete spore (D)
7 creatures vanquished.

Grand Total: 47 creatures vanquished

Notes
Turn   | Place    | Note
-------+----------+-------------------------------------------
     0 | D        | Heoruswealwe the Spriggan Artificer began the quest for the
                  | Orb.
     0 | D        | Reached XP level 1. HP: 9/9 MP: 2/2
     1 | D        | Noticed Ijyb
     3 | D        | Killed Ijyb
     4 | D        | Reached skill level 6 in Evocations
     4 | D        | Reached XP level 2. HP: 14/14 MP: 3/3
     8 | D        | Noticed an ogre
    16 | D        | Killed an ogre
    17 | D        | Reached skill level 9 in Evocations
    17 | D        | Reached XP level 3. HP: 17/17 MP: 4/4
    17 | D        | Reached XP level 4. HP: 21/21 MP: 5/5
    32 | D        | Noticed Sigmund
    33 | D        | Killed Sigmund
    34 | D        | Reached skill level 12 in Evocations
    34 | D        | Reached XP level 5. HP: 25/25 MP: 6/6
    59 | D        | Found an ornate altar of the Wu Jian Council.
    59 | D        | Found a shimmering blue altar of Sif Muna.
    63 | D        | Reached skill level 10 in Stealth
    63 | D        | Reached XP level 6. HP: 29/29 MP: 7/7
    63 | D        | Found a radiant altar of Vehumet.
    89 | D        | Found Lezufu's Armour Emporium.
    89 | D        | Found an ancient bone altar of Kikubaaqudgha.
    89 | D        | Found a hazy altar of Hepliaklqana.
    89 | D        | Found a stormy altar of Qazlal.
    89 | D        | Found a hide-covered altar of Uskayaw.
    89 | D        | Found a blossoming altar of Fedhas.
    89 | D        | Found a bloodstained altar of Trog.
    89 | D        | Found an iron altar of Okawaru.
    89 | D        | Found a basalt altar of Yredelemnul.
    89 | D        | Found a glowing golden altar of the Shining One.
    89 | D        | Found a snail-covered altar of Cheibriados.
    89 | D        | Found a sacrificial altar of Ru.
    89 | D        | Found a glowing silver altar of Zin.
    89 | D        | Found a shadowy altar of Dithmenos.
    89 | D        | Found a white marble altar of Elyvilon.
    89 | D        | Noticed a yak
    97 | D        | Killed a yak
    98 | D        | Reached skill level 10 in Dodging
    98 | D        | Reached skill level 13 in Evocations
   103 | D        | Found an opulent altar of Gozag.
   104 | D        | Found a sparkling altar of Nemelex Xobeh.
   110 | D        | Became a worshipper of Zin the Law-Giver
   110 | D        | Reached * piety under Zin
   110 | D        | Reached ** piety under Zin
   110 | D        | Reached *** piety under Zin
   110 | D        | Reached **** piety under Zin
   110 | D        | Reached ***** piety under Zin
   110 | D        | Reached ****** piety under Zin
   118 | D        | Noticed Sonja
   121 | D        | Killed Sonja
   122 | D        | Reached skill level 16 in Evocations
   122 | D        | Reached XP level 7. HP: 32/32 MP: 8/8
   141 | D        | Found Yrghait's Assorted Antiques.
   149 | D        | Bought a scroll labelled SYTHRU POYCAPY for 27 gold pieces
   149 | D        | Bought a scratched golden ring for 135 gold pieces
   154 | D        | Noticed a shining eye
   154 | D        | Noticed a shining eye
   154 | D        | Noticed a shining eye
   154 | D        | Noticed a shining eye
   154 | D        | Noticed a shining eye
   154 | D        | Noticed a shining eye
   156 | D        | Noticed a shining eye
   156 | D        | Noticed a shining eye
   158 | D        | Paralysed by a floating eye for 4 turns
   168 | D        | Paralysed by a floating eye for 2 turns
   176 | D        | Paralysed by a floating eye for 4 turns
   184 | D        | Paralysed by a floating eye for 4 turns
   191 | D        | Paralysed by a floating eye for 4 turns
   198 | D        | Paralysed by a floating eye for 2 turns
   202 | D        | Paralysed by a floating eye for 2 turns
   207 | D        | Paralysed by a floating eye for 2 turns
   212 | D        | Paralysed by a floating eye for 4 turns
   219 | D        | Paralysed by a floating eye for 4 turns
   231 | D        | Paralysed by a floating eye for 3 turns
   236 | D        | Paralysed by a floating eye for 2 turns
   240 | D        | Killed a shining eye
   241 | D        | Reached skill level 17 in Evocations
   241 | D        | Reached XP level 8. HP: 37/37 MP: 9/9
   243 | D        | Paralysed by a floating eye for 2 turns
   248 | D        | Paralysed by a floating eye for 2 turns
   251 | D        | Paralysed by a floating eye for 2 turns
   255 | D        | Paralysed by a floating eye for 2 turns
   260 | D        | Paralysed by a floating eye for 2 turns
   271 | D        | Paralysed by a floating eye for 3 turns
   276 | D        | Paralysed by a floating eye for 3 turns
   283 | D        | Paralysed by a floating eye for 2 turns
   290 | D        | Paralysed by a floating eye for 2 turns
   297 | D        | Paralysed by a floating eye for 4 turns
   304 | D        | Paralysed by a floating eye for 2 turns
   312 | D        | Paralysed by a floating eye for 3 turns
   320 | D        | Paralysed by a floating eye for 2 turns
   328 | D        | Paralysed by a floating eye for 4 turns
   334 | D        | Paralysed by a floating eye for 2 turns
   341 | D        | Paralysed by a floating eye for 3 turns
   348 | D        | Paralysed by a floating eye for 4 turns
   354 | D        | Paralysed by a floating eye for 3 turns
   362 | D        | Paralysed by a floating eye for 3 turns
   369 | D        | Paralysed by a floating eye for 3 turns
   377 | D        | Paralysed by a floating eye for 2 turns
   384 | D        | Paralysed by a floating eye for 2 turns
   390 | D        | Killed a shining eye
   391 | D        | Reached skill level 15 in Stealth
   391 | D        | Reached skill level 18 in Evocations
   391 | D        | Paralysed by a floating eye for 3 turns
   400 | D        | Paralysed by a floating eye for 4 turns
   406 | D        | Paralysed by a floating eye for 2 turns
   414 | D        | Paralysed by a floating eye for 3 turns
   420 | D        | Paralysed by a floating eye for 3 turns
   428 | D        | Paralysed by a floating eye for 3 turns
   437 | D        | Paralysed by a floating eye for 2 turns
   443 | D        | Paralysed by a floating eye for 3 turns
   447 | D        | Paralysed by a floating eye for 2 turns
   454 | D        | Paralysed by a floating eye for 2 turns
   459 | D        | Paralysed by a floating eye for 2 turns
   464 | D        | Paralysed by a floating eye for 2 turns
   472 | D        | Paralysed by a floating eye for 3 turns
   480 | D        | Paralysed by a floating eye for 3 turns
   486 | D        | Paralysed by a floating eye for 3 turns
   493 | D        | Paralysed by a floating eye for 2 turns
   502 | D        | Paralysed by a floating eye for 2 turns
   509 | D        | Paralysed by a floating eye for 2 turns
   513 | D        | Paralysed by a floating eye for 2 turns
   517 | D        | Paralysed by a floating eye for 4 turns
   527 | D        | Paralysed by a floating eye for 2 turns
   534 | D        | Paralysed by a floating eye for 4 turns
   544 | D        | Paralysed by a floating eye for 3 turns
   553 | D        | Killed a shining eye
   553 | D        | Paralysed by a floating eye for 3 turns
   554 | D        | Reached XP level 9. HP: 40/40 MP: 10/10
   558 | D        | Paralysed by a floating eye for 3 turns
   566 | D        | Paralysed by a floating eye for 4 turns
   571 | D        | Paralysed by a floating eye for 2 turns
   575 | D        | Paralysed by a floating eye for 4 turns
   584 | D        | Paralysed by a floating eye for 2 turns
   588 | D        | Reached skill level 19 in Evocations
   643 | D        | Killed a shining eye
   746 | D        | Killed a shining eye
   747 | D        | Reached skill level 20 in Evocations
   814 | D        | Killed a shining eye
   815 | D        | Reached skill level 15 in Dodging
   920 | D        | Killed a shining eye
   933 | D        | Paralysed by a floating eye for 2 turns
   938 | D        | Paralysed by a floating eye for 4 turns
   946 | D        | Reached skill level 21 in Evocations
   946 | D        | Reached XP level 10. HP: 44/44 MP: 11/11
   957 | D        | Paralysed by a floating eye for 2 turns
  1068 | D        | Killed a shining eye
  1096 | D        | Fell from the grace of Zin
  1096 | D        | Became a worshipper of Sif Muna the Loreminder
  1234 | D        | Noticed a deep troll
  1241 | D        | Killed a deep troll
  1297 | D        | Found Geysoim's Armour Emporium.
  1327 | D        | Found Fuon's Distillery.
  1327 | D        | Found Riaklyop's General Store.
  1327 | D        | Found Geuloucu's Antique Weapon Emporium.
  1327 | D        | Found Usocuwnuk's Antique Armour Boutique.
  1342 | D        | Bought a scroll of identify for 22 gold pieces
  1342 | D        | Bought a wand of paralysis (3) for 79 gold pieces
  1367 | D        | Found a burning altar of Makhleb.
  1367 | D        | Found a viscous altar of Jiyva.
  1367 | D        | Found a shimmering altar of Xom.
  1367 | D        | Found a corrupted altar of Lugonu.
  1370 | D        | Reached skill level 22 in Evocations
  1391 | D        | Noticed a centaur warrior
  1391 | D        | Noticed a centaur warrior
  1396 | D        | Killed a centaur warrior
  1396 | D        | Reached * piety under Sif Muna
  1397 | D        | Killed a centaur warrior
  1436 | D        | Reached skill level 23 in Evocations
  1445 | D        | Noticed an oklob plant
  1490 | D        | Killed an oklob plant
  1490 | D        | Reached ** piety under Sif Muna
  1548 | D        | Paralysed by a floating eye for 4 turns
  1556 | D        | Paralysed by a floating eye for 4 turns
  1562 | D        | Paralysed by a floating eye for 4 turns
  1593 | D        | Reached *** piety under Sif Muna
  1624 | D        | Reached **** piety under Sif Muna
  1673 | D        | Reached XP level 11. HP: 48/48 MP: 12/12
  1712 | D        | Found Ytey's Antique Armour Boutique.
  1712 | D        | Found Duuroix's Antique Armour Emporium.
  1712 | D        | Found Lisughevvixt's Antique Weapon Emporium.
  1751 | D        | Reached ***** piety under Sif Muna
  1752 | D        | Found Qehouwn's Jewellery Boutique.
  1752 | D        | Found Renlyruluwn's Antique Weapon Shoppe.
  1752 | D        | Found Alleph's General Store.
  1752 | D        | Found Efozoix's Jewellery Emporium.
  1752 | D        | Found Carus's Book Boutique.
  1752 | D        | Found Tucixun's Magic Scroll Shoppe.
  1752 | D        | Found Wixucw's Magic Scroll Shop.
  1756 | D        | Found Ongydom's Magic Scroll Emporium.
  1757 | D        | Found Viuwigury's Book Boutique.
  1757 | D        | Found Noib's Magic Scroll Shoppe.
  1758 | D        | Found Ovohazei's Magic Scroll Shop.
  1762 | D        | Bought a scroll of identify for 20 gold pieces
  1762 | D        | Bought a scroll of identify for 20 gold pieces
  1762 | D        | Bought a scroll of identify for 20 gold pieces
  1763 | D        | Bought 2 scrolls of identify for 40 gold pieces
  1764 | D        | Bought a scroll of identify for 22 gold pieces
  1764 | D        | Bought a scroll of summoning for 104 gold pieces
  1764 | D        | Bought a scroll of identify for 22 gold pieces
  1764 | D        | Bought a scroll of identify for 22 gold pieces
  1819 | D        | Paralysed by a floating eye for 3 turns
  1825 | D        | Noticed a soul eater
  1825 | D        | Paralysed by a floating eye for 2 turns
  1832 | D        | Reached skill level 24 in Evocations
  1861 | D        | HP: 1/48 [smoke demon/divine providence[a kobold
                  | demonologist] (10)]
  1861 | D        | Killed from afar by a smoke demon

Illustrated notes

Levels and vault maps discovered:
D:        dungeon_sprint_1 [red_sonja_temple_1, red_sonja_temple_small_1]

Skill      XL: |  1  2  3  4  5  6  7  8  9 10 11 |
---------------+----------------------------------+-----
Dodging        | 4 6 8 11 12 13 15 17 | 17.7
Stealth        | 4 7 9 10 13 14 15 17 20 | 20.4
Evocations     | 6 9 12 16 17 18 21 23 24 | 24.0
Fighting       | |  0.7

Action                     |  1- 3 |  4- 6 |  7- 9 | 10-12 || total
---------------------------+-------+-------+-------+-------++-------
  Melee: Club              |       |       |   636 |   183 ||   819
         Punch             |       |       |    12 |     8 ||    20
         Unarmed           |       |       |       |    57 ||    57
  Evoke: Wand              |     5 |     9 |       |    40 ||    54
    Use: Scroll            |       |       |       |     5 ||     5
         Potion            |       |       |       |     2 ||     2
   Stab: Sleeping          |       |       |     1 |     3 ||     4
         Paralysed         |       |       |       |    46 ||    46
 Armour: Robe              |       |       |       |     3 ||     3
  Dodge: Dodged            |       |     1 |       |    61 ||    62
         Repelled          |       |       |       |     3 ||     3
